 Dungeon Sprint DCSS version 0.31-a0-662-g684573625c (webtiles) character file.

Game seed: 8950187689276327144

457 sircluck the Fighter (level 6, -1/66 HPs)
             Began as a Draconian Berserker on Aug 31, 2023.
             Was a Believer of Trog.
             Slain by a yak (15 damage)
             ... in the Dungeon (Sprint I: "Red Sonja").
             The game lasted 00:00:48 (381 turns).

sircluck the Fighter (Draconian Berserker)           Turns: 381, Time: 00:00:49

Health: -1/66      AC:  6    Str: 21    XL:     6   Next: 77%
Magic:  6/6        EV: 14    Int:  7    God:    Trog [**....]
Gold:   423        SH:  0    Dex: 11    Spells: 5/5 levels left

rFire   . . .        a - +0 mace
rCold   . . .        (no shield)
rNeg    . . .        (body armour unavailable)
rPois   .            (helmet restricted)
rElec   .            (no cloak)
rCorr   .            (no gloves)
SInv    .            (no boots)
Will    .....        (no amulet)
Stlth   +            (no ring)
HPRegen 0.31/turn    (no ring)
MPRegen 0.10/turn

%: no teleportation
@: no status effects
A: AC +6, unfitting armour, cold-blooded
a: Renounce Religion, Berserk, Trog's Hand


You were in the Dungeon.
You worshipped Trog.
Trog was pleased with you.
You visited 1 branch You collected 423 gold pieces.

Inventory:

Hand Weapons
 a - a +0 mace (weapon)
Wands
 h - a wand of roots (6)
Scrolls
 g - a scroll of blinking
 i - a scroll of vulnerability {unknown}
Potions
 b - a potion of curing
 c - a potion of heal wounds
 d - a potion of haste
 e - 2 potions of magic
 f - a potion of berserk rage


   Skills:
 + Level 9.9 Fighting
 + Level 9.0 Maces & Flails
 + Level 8.2 Dodging


You had 5 spell levels left.
You didn't know any spells.
Your spell library was empty.

Dungeon Overview and Level Annotations

Branches:
Dungeon (1/1)

Altars:
Cheibriados
Dithmenos
Elyvilon
Fedhas
Gozag
Hepliaklqana
Kikubaaqudgha
Makhleb
Okawaru
Qazlal
Ru
Sif Muna
Trog
Uskayaw
Vehumet
Wu Jian
Xom
Yredelemnul
Zin
The Shining One
Jiyva
Lugonu

Shops:
D [


Innate Abilities, Weirdness & Mutations

Your plain brown scales are hard. (AC +6)
You cannot fit into any form of body armour.
You are cold-blooded and may be slowed by cold attacks.


Message History

The yak gores you but does no damage.
You barely miss the yak.
The yak is moderately wounded.
The yak barely misses you.
You hit the yak.
You tail-slap the yak, but do no damage.
The yak is moderately wounded.
The yak gores you.
You hit the yak but do no damage.
Your tail-slap misses the yak.
The yak is moderately wounded.
The yak misses you.
You hit the yak but do no damage.
The yak is moderately wounded.
The yak gores you.
You hit the yak.
The yak is moderately wounded.
The yak gores you!
You hit the yak.
The yak is heavily wounded.
The yak gores you.
You hit the yak but do no damage.
The yak is heavily wounded.
You hit the yak but do no damage.
The yak is heavily wounded.
The yak gores you.
You sock the yak!
The yak is severely wounded.
The yak gores you!
You closely miss the yak.
The yak is severely wounded.
The yak barely misses you.
You barely miss the yak.
You tail-slap the yak, but do no damage.
The yak is severely wounded.
The yak gores you!
* * * LOW HITPOINT WARNING * * *
You completely miss the yak.
The yak is severely wounded.
The yak gores you!
You die...

######################
#<.#..)..#..'..#__#..+
#..').#..').#..'..'..#
#..#####'#####'#__####
#..# #..#...#.####
#..#__####..##)#
#..#_____##'#_.+
#⌠⌠#_.∩..Y@..._#
####_..__##_.#'# #____
##+#.# #### ###


You could see a yak.

Vanquished Creatures
  A slime creature (D)
  Sigmund (D)
  An ogre (D)
  A jelly (D)
  Ijyb (D)
5 creatures vanquished.

Notes
Turn   | Place    | Note
-------+----------+-------------------------------------------
     0 | D        | sircluck the Draconian Berserker began the quest for the
                  | Orb.
     0 | D        | Reached XP level 1. HP: 19/19 MP: 1/1
     1 | D        | Noticed Ijyb
    15 | D        | Killed Ijyb
    16 | D        | Reached XP level 2. HP: 12/28 MP: 2/2
    83 | D        | Noticed an ogre
    86 | D        | Killed an ogre
    87 | D        | Reached skill level 5 in Dodging
    87 | D        | Reached XP level 3. HP: 23/38 MP: 3/3
    87 | D        | Reached XP level 4. HP: 27/45 MP: 4/4
   174 | D        | Noticed Sigmund
   178 | D        | Killed Sigmund
   178 | D        | Reached ** piety under Trog
   179 | D        | Reached XP level 5. HP: 56/56 MP: 5/5
   235 | D        | Found a burning altar of Makhleb.
   235 | D        | Found a viscous altar of Jiyva.
   235 | D        | Found a shimmering altar of Xom.
   235 | D        | Found a corrupted altar of Lugonu.
   235 | D        | Noticed a slime creature
   244 | D        | Killed a slime creature
   245 | D        | Reached XP level 6. HP: 66/66 MP: 6/6
   296 | D        | Found an ornate altar of the Wu Jian Council.
   296 | D        | Found a shimmering blue altar of Sif Muna.
   298 | D        | Found a radiant altar of Vehumet.
   366 | D        | Found Hufulixiu's Antique Armour Emporium.
   366 | D        | Found an ancient bone altar of Kikubaaqudgha.
   366 | D        | Found a hazy altar of Hepliaklqana.
   366 | D        | Found a stormy altar of Qazlal.
   366 | D        | Found a hide-covered altar of Uskayaw.
   366 | D        | Found a blossoming altar of Fedhas.
   366 | D        | Found a bloodstained altar of Trog.
   366 | D        | Found an iron altar of Okawaru.
   366 | D        | Found a basalt altar of Yredelemnul.
   366 | D        | Found a glowing golden altar of the Shining One.
   366 | D        | Found a snail-covered altar of Cheibriados.
   366 | D        | Found a sacrificial altar of Ru.
   366 | D        | Found a glowing silver altar of Zin.
   366 | D        | Found a shadowy altar of Dithmenos.
   366 | D        | Found a white marble altar of Elyvilon.
   366 | D        | Noticed a yak
   367 | D        | Found an opulent altar of Gozag.
   381 | D        | Slain by a yak

Illustrated notes

Levels and vault maps discovered:
D:        dungeon_sprint_1 [red_sonja_temple_1, red_sonja_temple_small_1]

Skill      XL: |  1  2  3  4  5  6 |
---------------+-------------------+-----
Fighting       | 4 6 8 9 |  9.9
Maces & Flails | 4 6 7 8 9 |  9.0
Dodging        | 4 5 7 8 |  8.2

Action                     |  1- 3 |  4- 6 || total
---------------------------+-------+-------++-------
  Melee: Mace              |    13 |    26 ||    39
         Tailslap          |     2 |     3 ||     5
 Invoke: Berserk           |     1 |     2 ||     3
 Armour: Skin              |     6 |    18 ||    24
  Dodge: Dodged            |     7 |     7 ||    14

Table legend: (Time is in decaauts)
 A = Elapsed time spent in this place.
 B = Non-inter-level travel time spent in this place.
 C = Inter-level travel time spent in this place.
 D = Time resting spent in this place.
 E = Time spent auto-exploring this place.
 F = Levels seen in this place.
 G = Mean time per level.
                   A        B        C        D        E       F      G
               +--------+--------+--------+--------+--------+-----+--------+
         Total |    420 |    420 |      0 |    203 |     65 |   1 |  420.0 |
       Dungeon |    420 |    420 |      0 |    203 |     65 |   1 |  420.0 |
               +--------+--------+--------+--------+--------+-----+--------+

Top non-repeatable levels by time:
       D: 420 daAuts
